 Dungeon Crawl Stone Soup version 0.27.1-33-g824d729ab1 (webtiles) character file.

Game seed: 9310590713222166924

31 zeram the Sneak (level 3, -2/24 HPs)
             Began as an Octopode Brigand on Dec 25, 2021.
             Slain by Natasha (6 damage)
             ... on level 2 of the Dungeon.
             The game lasted 00:01:56 (1018 turns).

zeram the Sneak (Octopode Brigand)                  Turns: 1018, Time: 00:01:57

Health: -2/24      AC:  1    Str: 12    XL:     3   Next: 22%
Magic:  3/3        EV: 16    Int: 14    God:
Gold:   54         SH:  0    Dex: 13    Spells: 2/2 levels left

rFire    . . .     SeeInvis .   a - +2 dagger
rCold    . . .     Faith    .   (no shield)
rNeg     . . .     Spirit   .   (helmet restricted)
rPois    .         Reflect  .   (no amulet)
rElec    .         Harm     .   d - +4 ring of evasion
rCorr    .         Rampage  .   (no ring)
Will     .....                  (no ring)
Stlth    ++++......             (no ring)
HPRegen  0.08/turn              (no ring)
MPRegen  0.08/turn              (no ring)
                                (no ring)
                                (no ring)

@: brilliant
A: almost no armour, amphibious, 8 rings, camouflage 1, gelatinous body 1,
(nimble swimmer 1), tentacles, deterioration 1, strong 1
a: no special abilities


You were on level 2 of the Dungeon.
You visited 1 branch of the dungeon, and saw 2 of its levels.

You collected 54 gold pieces.

Inventory:

Hand Weapons
 a - a +2 dagger (weapon)
Missiles
 b - 8 poisoned darts (quivered)
 c - 2 curare-tipped darts
Jewellery
 d - a +4 ring of evasion (left tentacle)


   Skills:
 - Level 2.0 Fighting
 - Level 2.0 Short Blades
 - Level 2.0 Throwing
 - Level 1.0 Dodging
 + Level 6.9 Stealth


You had 2 spell levels left.
You didn't know any spells.
Your spell library contained the following spells:

 Spells                   Type           Power      Damage    Failure   Level
 Slow                     Hex            0%         N/A       41%         2
 Confusing Touch          Hex            0%         N/A       65%         3
 Yara's Violent Unravell  Hex/Tmut       0%         3d3       100%        5


Dungeon Overview and Level Annotations

Branches:
Dungeon (2/15)

Altars:

Shops:
D:1 :

Annotations:
D:2 Natasha


Innate Abilities, Weirdness & Mutations

You cannot wear most types of armour.
You are amphibious.
You can wear up to eight rings at the same time.
Your skin changes colour to match your surroundings (Stealth+).
Your rubbery body absorbs attacks. (AC +1, EV +1)
((You are camouflaged near water. (Stealth+)))
You have tentacles for arms and can constrict up to eight enemies at once.
Your body sometimes deteriorates upon taking damage.
Your muscles are strong. (Str +2)


Message History

You kill the dart slug!
No target in view!
HP restored.
You see here 27 stones.
You see here a hobgoblin corpse.
Found a lumpy purple potion.
e - a lumpy purple potion A frilled lizard comes into view.
Found 22 sling bullets.
A frilled lizard is nearby!
A frilled lizard is nearby!
A frilled lizard is nearby!
A rat comes into view.
The frilled lizard hisses angrily.
Natasha, Servant of Life and Death comes into view.
The frilled lizard bites you.
You hit the frilled lizard. You grab the frilled lizard.
Your squeeze misses the frilled lizard.
The frilled lizard is heavily wounded.
You constrict the frilled lizard.
You kill the frilled lizard!
Natasha claws you.
You hit Natasha. Your grab misses Natasha.
Natasha is lightly wounded.
The rat bites you. Natasha claws you.
It was a potion of brilliance.
You feel clever all of a sudden. The rat bites you. Natasha claws you.
Unknown command.
It was a potion of mutation.
You feel extremely strange.
You feel yourself wasting away.
You feel stronger. The rat misses you. Natasha claws you.
* * * LOW HITPOINT WARNING * * *
The rat misses you.
You hit Natasha. You grab Natasha.
Natasha is lightly wounded.
You constrict Natasha. The rat bites you.
* * * LOW HITPOINT WARNING * * *
Natasha claws you.
You die...

#.#
#.....#########
#.# #.....# #.#
#.##..# #.#
#.##..#
###.####.##..#
#........##..#
###########..#
#......#####.
#.###@#......
#.hr..#####
#.#...# #.#...#
# #.(.# .∩..∩.
.......
..........
..∩..∩..∩.


You could see Natasha and a rat.

Vanquished Creatures
  3 dart slugs
  2 endoplasms (D:1)
  A giant cockroach (D:1)
  3 hobgoblins
  2 quokkas (D:1)
  5 bats (D:1)
  3 frilled lizards
  4 kobolds (D:1)
  A rat (D:1)
24 creatures vanquished.

Notes
Turn   | Place    | Note
-------+----------+-------------------------------------------
     0 | D:1      | zeram the Octopode Brigand began the quest for the Orb.
     0 | D:1      | Reached XP level 1. HP: 14/14 MP: 1/1
   420 | D:1      | Reached skill level 6 in Stealth
   420 | D:1      | Reached XP level 2. HP: 19/19 MP: 2/2
   465 | D:1      | Found Colliere's Book Emporium.
   708 | D:1      | Reached XP level 3. HP: 21/24 MP: 3/3
  1009 | D:2      | Noticed Natasha
  1015 | D:2      | Gained mutation: Your body sometimes deteriorates upon
                  | taking damage. [potion of mutation]
  1015 | D:2      | Gained mutation: Your muscles are strong. (Str +2) [potion
                  | of mutation]
  1018 | D:2      | Slain by Natasha

Illustrated notes

Levels and vault maps discovered:
D:1:      wander_arrival_estate, layout_loops_ring, serial_shops, shop
D:2:      layout_basic, hellmonk_ecumenical_altar_arch_garden,
          nrook_mini_vaults, uniq_natasha

Skill      XL: |  1 |
---------------+----+-----
Stealth        | 6 |  6.9
Fighting       | |  2.0
Short Blades   | |  2.0
Throwing       | |  2.0
Dodging        | |  1.0

Action                   || total
-------------------------++-------
Melee: Dagger            ||    42
       Constrict         ||     8
       Tentacles         ||     1
  Use: Scroll            ||     3
       Potion            ||     2
 Stab: Sleeping          ||    13
Armor: Skin              ||     2
Dodge: Dodged            ||    24
